AoeStats
← Maximo10

MegaRandom

508121718Analyzed
2v2 RM · 13d ago on Sep 21, 2026· 43m 38s· 4 players
Game mode
Random Map
Map size
Medium (4 player)
Population
200
Speed
Normal
Resources
Standard
Victory
Conquest
Starting age
Dark Age
Ending age
Imperial Age
RankedLock teamsTeams togetherTeam positionsShared explorationLock speedFull tech treeHidden civsTurbo modeCheats
Victory
Defeat
🇲🇽 Persians · Mexico
753
+17
🇵🇪 Franks · Peru
733
+17
🇨🇱 Vietnamese · Chile
837
-20
🇯🇵 Celts · Japan
695
-14
Hackerman
8:35 Loom
11:43 Feudal Age
12:03 Double-Bit Axe
20:04 Town Watch
20:31 Horse Collar
23:16 Castle Age
21:49 Forging
23:09 Stone Mining
23:15 Gold Mining
24:37 Bow Saw
24:30 Heavy Plow
27:54 Pikeman
29:04 Scale Mail Armor
29:38 Caravan
30:11 Fletching
31:36 Elite Skirmisher
33:24 Padded Archer Armor
34:30 Thumb Ring
35:20 Bodkin Arrow
36:45 Ballistics
37:08 Gold Shaft Mining
37:21 Leather Archer Armor
37:45 Masonry
39:50 Scale Barding Armor
45:30 Imperial Age
44:47 Stone Shaft Mining
hikary1404
1:01 Loom
11:03 Feudal Age
11:47 Double-Bit Axe
22:08 Castle Age
20:03 Gold Mining
21:33 Stone Mining
24:22 Husbandry
24:53 Forging
25:58 Scale Barding Armor
26:51 Wheelbarrow
27:05 Murder Holes
28:16 Ballistics
28:40 Town Watch
32:04 Caravan
32:50 Iron Casting
32:57 Padded Archer Armor
34:33 Leather Archer Armor
34:09 Fletching
36:52 Masonry
38:06 #83
40:38 Imperial Age
38:14 Pikeman
39:16 Bow Saw
42:43 Bodkin Arrow
43:04 Cavalier
izumi_pinko
13:24 Feudal Age
13:54 Double-Bit Axe
14:47 Wheelbarrow
21:27 Castle Age
19:48 Town Watch
20:19 Stone Mining
21:29 Horse Collar
27:36 Bow Saw
28:42 Pikeman
29:59 Scale Barding Armor
29:57 Scale Mail Armor
30:08 Forging
30:23 Hand Cart
37:21 Imperial Age
40:06 Gold Mining
40:52 Stone Shaft Mining
40:16 Heavy Scorpion
41:30 Fletching
41:55 Chain Mail Armor
42:16 Iron Casting
43:23 Heavy Plow
44:01 Gold Shaft Mining
Maximo10
0:34 Loom
11:10 Feudal Age
15:41 Double-Bit Axe
18:06 Castle Age
16:47 Gold Mining
16:40 Horse Collar
17:09 Fletching
19:27 Bodkin Arrow
19:50 Bow Saw
23:31 Town Watch
24:25 Wheelbarrow
24:28 Bodkin Arrow
29:27 Ballistics
28:49 Treadmill Crane
29:24 Pikeman
32:05 Scale Mail Armor
32:28 Heated Shot
35:57 Imperial Age
33:56 Chain Mail Armor
33:52 Forging
33:53 Squires
35:51 Thumb Ring
36:32 Halberdier
38:43 Two-Man Saw
38:43 Bracer
39:20 Iron Casting
41:33 Light Cavalry
42:15 Husbandry
Connection lost

Rejoining the realm…

Still unreachable

The connection could not be restored.

Session expired

The server has moved on; the page needs a fresh start.